 Dungeon Crawl Stone Soup version 0.20.1-1-g8b1a95d (webtiles) character file.

8631 Monsterracer the Grappler (level 11, -5/94 HPs)
             Began as a Black Draconian Transmuter on Aug 23, 2017.
             Was a High Priest of Ru.
             Slain by Snorg (10 damage)
             ... on level 10 of the Dungeon on Aug 24, 2017.
             The game lasted 00:21:10 (11113 turns).

Monsterracer the Grappler (DrTm)                   Turns: 11113, Time: 00:21:11

Health: -5/94      AC: 11    Str: 13    XL:     11   Next: 12%
Magic:  2/14       EV: 14    Int: 19    God:    Ru [*****.]
Gold:   479        SH:  0    Dex: 13    Spells: 0/14 levels left

rFire    . . .     SeeInvis .     - Unarmed
rCold    . . .     Gourm    .   (no shield)
rNeg     . . .     Faith    +   (armour unavailable)
rPois    +         Spirit   .   (helmet restricted)
rElec    +         Reflect  .   w - +2 cloak
rCorr    .         Harm     .   o - +0 pair of gloves
MR       +....                  (no boots)
Stlth    +.........             k - amulet of faith
Regen    0.3/turn               m - ring of protection from magic
MPRegen  0.2/turn               s - ring of poison resistance

@: exhausted, short of breath, no scrolls, drained
A: breathe lightning, unfitting armour, agile 1, clever 1, mutation resistance
1, electricity resistance, cold-blooded, subdued magic 1, inability to read
while threatened, inability to use devices, no earth magic, no necromancy magic,
no summoning magic, AC +7
a: Breathe Lightning, Draw Out Power, Power Leap, Apocalypse, Renounce Religion


You were on level 10 of the Dungeon.
You worshipped Ru.
Ru was extremely pleased with you.
You were near starving.

You visited 1 branch of the dungeon, and saw 10 of its levels.

You collected 479 gold pieces.

Inventory:

Missiles
 f - 183 arrows
Armour
 o - a +0 pair of gloves (worn)
 w - a +2 cloak (worn)
Jewellery
 a - an uncursed ring of ice
 e - an uncursed ring of resist corrosion
 g - a cursed ring of loudness {unknown}
 k - an amulet of faith (around neck)
 m - a ring of protection from magic (left hand)
 p - an uncursed amulet of guardian spirit {unknown}
 s - a ring of poison resistance (right hand)
Scrolls
 h - 5 scrolls of teleportation
 t - 2 scrolls of remove curse
 x - 2 scrolls of enchant armour
Potions
 b - a potion of lignification
 j - a potion of flight
 n - 6 potions of curing
 q - a potion of brilliance
 r - a potion of might
 u - a potion of mutation
 v - a potion of haste
 B - a potion of cancellation
Comestibles
 c - 10 bread rations
 d - 3 royal jellies
 i - 6 meat rations
 z - 12 fruits


   Skills:
 + Level 8.1(6.8) Fighting
 + Level 6.0(4.8) Dodging
 * Level 11.2(9.8) Unarmed Combat
 - Level 2.0(0.9) Spellcasting
 + Level 9.7(8.4) Transmutations


You couldn't memorise any spells.
You knew the following spells:

 Your Spells              Type           Power        Failure   Level  Hunger
a - Ice Form              Ice/Tmut       ##......     28%         4    #####..
b - Sticks to Snakes      Tmut           ####....     1%          2    ###....
c - Spider Form           Tmut/Pois      ##........   8%          3    ####...
d - Blade Hands           Tmut           ####......   13%         5    ######.


Dungeon Overview and Level Annotations

Branches:
Dungeon (10/15)            Temple (0/1) D:6            Lair (0/6) D:10
    Orc: D:9-12

Altars:
Dithmenos
Elyvilon
Fedhas
Gozag
Hepliaklqana
Nemelex Xobeh
Qazlal
Ru
Uskayaw
Yredelemnul
Zin

Shops:
D:6 %=   D:7 (

Annotations:
D:10 Snorg


Innate Abilities, Weirdness & Mutations

You can breathe wild blasts of lightning.
Your glossy black scales are hard. (AC +7)
You cannot fit into any form of body armour.
You are resistant to electric shocks. (rElec)
You are cold-blooded and may be slowed by cold attacks.
You cannot read scrolls while threatened.
You cannot study or use magical devices.
You cannot study or cast Earth magic.
You cannot study or cast Necromancy magic.
You cannot study or cast Summoning magic.
You are agile. (Dex +2)
Your mind is acute. (Int +2)
You are somewhat resistant to further mutation.
Your spells are a little easier to cast, but a little less powerful.


Message History

You focus your will and illuminate Snorg in retribution!
Snorg closely misses you. Snorg claws you!
* * * LOW HITPOINT WARNING * * *
Huge Dmg: -17%(-16hp) hp: 40%(37hp)
You hit Snorg.
Snorg is severely wounded.
Snorg barely misses you. x2; Snorg claws you but does no damage.
You hit Snorg but do no damage.
Snorg is severely wounded.
You punch Snorg!
Snorg is severely wounded.
Snorg is stunned by your will and fails to attack.
You hit Snorg.
Snorg is severely wounded.
Snorg bites you!!
* * * LOW HITPOINT WARNING * * *
Snorg claws you.
* * * LOW HITPOINT WARNING * * *
Snorg claws you!
You die...

####### #T....# #@....#
#.....#
######.....############
#......................
#....................##
##...................#.
#..######+###.......#.
#..#....... #.......#.
#..#....... #.......#.


You could see Snorg (berserk).

Vanquished Creatures
  2 two-headed ogres (D:9)
  An unseen horror (D:9)
  Prince Ribbit (D:7)
  A hornet (D:9)
  3 hippogriffs
  Sigmund (D:2)
  The ghost of NorthaanB the Digger, an amateur OgEE of Makhleb (D:5)
  5 yaks (D:9)
  Eustachio (D:4)
  The ghost of Tr0llz0r the Skirmisher, an amateur DsAK of Lugonu (D:4)
  3 hungry ghosts
  Duvessa (D:7)
  7 ice beasts
  A sky beast (D:4)
  2 phantoms
  5 ogres
  3 centaurs
  The ghost of dscm the Magician, an amateur DrWz (D:6)
  2 bullfrogs
  A wyvern zombie (D:6)
  Dowan (D:7)
  2 scorpions (D:10)
  12 killer bees
  4 howler monkeys
  7 crimson imps
  2 quasits
  6 hounds
  A centaur skeleton (D:8)
  6 orc priests
  3 jellies
  Crazy Yiuf (D:6)
  A bullfrog skeleton (D:8)
  3 orc wizards
  Jessica (D:2)
  5 iguanas
  3 worker ants
  A hound zombie (D:7)
  A hound skeleton (D:9)
  A worker ant zombie (D:7)
  A howler monkey zombie (D:7)
  17 adders
  3 shadow imps
  4 oozes
  2 adder skeletons (D:4)
  An adder zombie (D:7)
  4 worms
  3 dart slugs
  8 leopard geckos
  25 orcs
  5 giant cockroaches
  6 goblins
  6 hobgoblins
  15 jackals
  4 quokkas
  6 ball pythons
  10 bats
  5 frilled lizards
  A jackal skeleton (D:7)
  8 kobolds
  A leopard gecko skeleton (D:5)
  A quokka zombie (D:5)
  10 rats
  A spectral orc (D:6)
251 creatures vanquished.

Vanquished Creatures (collateral kills)
  An adder (D:2)
  A hobgoblin (D:2)
2 creatures vanquished.

Vanquished Creatures (others)
  An adder (D:4)
  A ball python (D:4)
2 creatures vanquished.

Grand Total: 255 creatures vanquished

Notes
Turn   | Place    | Note
-------+----------+-------------------------------------------
     0 | D:1      | Monsterracer the Draconian Transmuter began the quest for the Orb.
     0 | D:1      | Reached XP level 1. HP: 16/16 MP: 3/3
   209 | D:1      | Reached XP level 2. HP: 23/23 MP: 3/5
   213 | D:1      | Learned a level 2 spell: Sticks to Snakes
   853 | D:2      | Found a sacrificial altar of Ru.
   874 | D:2      | Became a worshipper of Ru the Awakened
   993 | D:2      | Reached XP level 3. HP: 28/28 MP: 4/6
  1007 | D:2      | Learned a level 3 spell: Spider Form
  1189 | D:2      | Noticed Jessica
  1198 | D:2      | Killed Jessica
  1198 | D:2      | Reached XP level 4. HP: 25/35 MP: 3/7
  1346 | D:2      | HP: 17/35 [poisoned by an adder]
  1350 | D:2      | HP: 8/35 [poisoned by an adder]
  1619 | D:2      | Noticed Sigmund
  1651 | D:1      | Reached skill level 4 in Unarmed Combat
  1831 | D:2      | Killed Sigmund
  1831 | D:2      | Reached XP level 5. HP: 36/40 MP: 4/8
  1850 | D:2      | Reached skill level 5 in Unarmed Combat
  1913 | D:2      | Reached XP level 6. HP: 31/47 MP: 9/9
  2404 | D:3      | Gained mutation: You cannot study or cast Earth magic. [Ru sacrifice]
  2404 | D:3      | Gained mutation: You cannot study or cast Necromancy magic. [Ru sacrifice]
  2404 | D:3      | Gained mutation: You cannot study or cast Summoning magic. [Ru sacrifice]
  2404 | D:3      | Reached * piety under Ru
  2414 | D:3      | Reached skill level 5 in Transmutations
  3115 | D:4      | Noticed Tr0llz0r's ghost (amateur DsAK)
  3233 | D:4      | HP: 20/48 [Tr0llz0r's ghost (6)]
  3529 | D:4      | Noticed Eustachio
  3541 | D:4      | Killed Eustachio
  3649 | D:3      | Your scales start taking on a glossy black colour.
  3649 | D:3      | Reached XP level 7. HP: 41/55 MP: 10/10
  3649 | D:3      | Gained mutation: You are resistant to electric shocks. (rElec) [Black Draconian growth]
  3662 | D:3      | Learned a level 5 spell: Blade Hands
  4121 | D:4      | Killed Tr0llz0r's ghost
  4121 | D:4      | Reached skill level 6 in Unarmed Combat
  4553 | D:4      | Found a stormy altar of Qazlal.
  4964 | D:5      | Entered Level 5 of the Dungeon
  4990 | D:4      | HP: 26/57 [sky beast (4)]
  4991 | D:4      | Reached XP level 8. HP: 29/66 MP: 5/11
  4995 | D:4      | Gained mutation: Scrolls take you a little longer to read. [mutagenic meat]
  4996 | D:4      | Gained mutation: You are resistant to hostile enchantments. (MR+) [mutagenic meat]
  4997 | D:4      | Gained mutation: You occasionally shout uncontrollably at your foes. [mutagenic meat]
  4998 | D:4      | Lost mutation: You are resistant to hostile enchantments. (MR+) [potion of mutation]
  4998 | D:4      | Lost mutation: Scrolls take you a little longer to read. [potion of mutation]
  4998 | D:4      | Lost mutation: You occasionally shout uncontrollably at your foes. [potion of mutation]
  4998 | D:4      | Gained mutation: You are somewhat resistant to further mutation. [potion of mutation]
  4998 | D:4      | Gained mutation: Your mind is acute. (Int +2) [potion of mutation]
  4998 | D:4      | Gained mutation: Your spells are a little easier to cast, but a little less powerful. [potion of mutation]
  4998 | D:4      | Gained mutation: You are agile. (Dex +2) [potion of mutation]
  5228 | D:5      | Found a hazy altar of Hepliaklqana.
  5344 | D:5      | Reached skill level 7 in Unarmed Combat
  5415 | D:5      | Noticed NorthaanB's ghost (amateur OgEE)
  5427 | D:4      | HP: 33/66 [phantom (2)]
  5731 | D:5      | Killed NorthaanB's ghost
  6211 | D:5      | Reached XP level 9. HP: 55/72 MP: 4/12
  6212 | D:5      | Reached skill level 8 in Unarmed Combat
  6316 | D:6      | Reached skill level 5 in Fighting
  6422 | D:6      | Found Nidar's Food Boutique.
  6433 | D:6      | Noticed dscm's ghost (amateur DrWz)
  6576 | D:6      | Found Tidd's Jewellery Shop.
  6594 | D:6      | Found a staircase to the Ecumenical Temple.
  6681 | D:6      | Found a runed door.
  6765 | D:6      | Found a basalt altar of Yredelemnul.
  6921 | D:6      | Killed dscm's ghost
  7025 | D:6      | Gained mutation: You cannot read scrolls while threatened. [Ru sacrifice]
  7025 | D:6      | Reached ** piety under Ru
  7228 | D:6      | Noticed Crazy Yiuf
  7231 | D:6      | Killed Crazy Yiuf
  7348 | D:7      | Found Gamozyh's Weapon Shoppe.
  7486 | D:7      | Noticed Duvessa
  7486 | D:7      | Noticed Dowan
  7493 | D:7      | Killed Duvessa
  7501 | D:7      | Killed Dowan
  7624 | D:7      | Found a shadowy altar of Dithmenos.
  7817 | D:7      | Noticed Prince Ribbit
  7822 | D:7      | HP: 33/75 [Prince Ribbit (11)]
  7826 | D:7      | HP: 13/75 [Prince Ribbit (10)]
  7827 | D:7      | Killed Prince Ribbit
  7828 | D:7      | Reached skill level 9 in Unarmed Combat
  8590 | D:7      | Found a white marble altar of Elyvilon.
  8961 | D:8      | Found a sparkling altar of Nemelex Xobeh.
  8961 | D:8      | Found a hide-covered altar of Uskayaw.
  8962 | D:8      | Found a glowing silver altar of Zin.
  9011 | D:8      | Reached XP level 10. HP: 77/84 MP: 13/13
  9363 | D:9      | Found a shadowy altar of Dithmenos.
  9470 | D:9      | Noticed a two-headed ogre
  9495 | D:9      | Killed a two-headed ogre
  9550 | D:9      | Reached skill level 10 in Unarmed Combat
  9745 | D:9      | Reached skill level 5 in Dodging
  9788 | D:9      | Found an opulent altar of Gozag.
  9879 | D:9      | Noticed a two-headed ogre
  9883 | D:9      | Killed a two-headed ogre
 10507 | D:9      | Killed an unseen horror
 10507 | D:9      | Reached skill level 11 in Unarmed Combat
 10507 | D:9      | Reached XP level 11. HP: 77/94 MP: 7/14
 10661 | D:9      | Found a blossoming altar of Fedhas.
 10882 | D:10     | Entered Level 10 of the Dungeon
 10894 | D:10     | Gained mutation: You cannot study or use magical devices. [Ru sacrifice]
 10894 | D:10     | Reached *** piety under Ru
 10894 | D:10     | Reached **** piety under Ru
 10894 | D:10     | Reached ***** piety under Ru
 10991 | D:10     | Found a staircase to the Lair.
 11008 | D:10     | Learned a level 4 spell: Ice Form
 11099 | D:10     | Noticed Snorg
 11107 | D:10     | HP: 35/94 [Snorg (16)]
 11113 | D:10     | HP: 11/94 [Snorg (26)]
 11113 | D:10     | HP: 5/94 [Snorg (6)]
 11113 | D:10     | Slain by Snorg

Skill      XL: |  1  2  3  4  5  6  7  8  9 10 11 |
---------------+----------------------------------+-----
Transmutations | 3 4 5 6 8 9 |  9.7
Unarmed Combat | 4 5 6 7 9 11 | 11.2
Fighting       | 2 3 4 6 7 8 |  8.1
Dodging        | 2 4 5 6 |  6.0
Spellcasting   | |  2.0

Action                   |  1- 3 |  4- 6 |  7- 9 | 10-12 || total
-------------------------+-------+-------+-------+-------++-------
Melee: Unarmed           |    98 |   215 |   460 |   177 ||   950
       Kick              |     5 |     3 |       |       ||     8
       Tailslap          |     8 |    15 |    41 |    23 ||    87
       Headbutt          |     1 |       |       |       ||     1
       Punch             |       |     2 |     6 |     6 ||    14
Throw: Throwing net      |       |     1 |       |       ||     1
 Cast: Beastly Appendage |     5 |     2 |       |       ||     7
       Sticks to Snakes  |     1 |     2 |       |     1 ||     4
       Spider Form       |     2 |     5 |     7 |       ||    14
       Blade Hands       |       |       |    18 |    13 ||    31
Invok: Sacrifice Arcana  |       |     1 |       |       ||     1
       Sacrifice Words   |       |       |     1 |       ||     1
       Power Leap        |       |       |       |     1 ||     1
       Apocalypse        |       |       |       |     1 ||     1
       Sacrifice Artific |       |       |       |     1 ||     1
 Abil: Breathe Lightning |       |       |     4 |     4 ||     8
  Use: Potion            |       |     4 |     1 |     1 ||     6
       Scroll            |       |     4 |    13 |     2 ||    19
 Stab: Held in net/web   |       |     1 |       |       ||     1
       Sleeping          |       |     1 |     3 |       ||     4
       Invisible         |       |       |       |     2 ||     2
       Distracted        |       |       |       |     1 ||     1
  Eat: Chunk             |     1 |     8 |    17 |    12 ||    38
       Meat ration       |       |       |     3 |       ||     3
Armor: Skin              |    29 |    57 |   126 |    38 ||   250
Dodge: Dodged            |    56 |   133 |   274 |   123 ||   586
